 Dungeon Crawl Stone Soup version 0.21.0-3-g78d12a8 (webtiles) character file.

697 Ignatius881 the Skirmisher (level 7, -1/60 HPs)
             Began as a Gnoll Wanderer on Jan 9, 2018.
             Was an Initiate of Vehumet.
             Shot with an arrow by a centaur (15 damage)
             ... on level 5 of the Dungeon.
             The game lasted 00:09:33 (5383 turns).

Ignatius881 the Skirmisher (Gnoll Wanderer)         Turns: 5383, Time: 00:09:34

Health: -1/60      AC:  2    Str: 17    XL:     7   Next: 65%
Magic:  10/10      EV: 14    Int: 10    God:    Vehumet [......]
Gold:   159        SH:  0    Dex: 18    Spells: 11/11 levels left

rFire    . . .     SeeInvis .   a - +2 quarterstaff
rCold    . . .     Gourm    .   (shield currently unavailable)
rNeg     . . .     Faith    .   d - +0 robe
rPois    .         Spirit   .   (no helmet)
rElec    .         Reflect  .   (no cloak)
rCorr    .         Harm     .   (no gloves)
MR       .....                  (no boots)
Stlth    +++.......             (no amulet)
HPRegen  0.20/turn              (no ring)
MPRegen  0.12/turn              (no ring)

@: no status effects
A: distributed training, fangs 1, strong nose
a: Renounce Religion


You were on level 5 of the Dungeon.
You worshipped Vehumet.
Vehumet was noncommittal.
You were not hungry.

You visited 2 branches of the dungeon, and saw 6 of its levels.

You collected 159 gold pieces.

Inventory:

Hand Weapons
 a - a +2 quarterstaff (weapon)
 b - a +0 falchion
Armour
 d - a +0 robe (worn)
 y - a +0 pair of boots
   (You found it on level 5 of the Dungeon)
Jewellery
 i - a cursed -4 ring of slaying {unknown}
   (You found it on level 1 of the Dungeon)
 j - an uncursed ring of ice {unknown}
   (You found it on level 1 of the Dungeon)
 l - an uncursed ring of see invisible {unknown}
   (You found it on level 2 of the Dungeon)
 n - a +3 amulet of reflection {unknown}
   (You found it on level 3 of the Dungeon)
Scrolls
 c - 4 scrolls of teleportation {@r4}
 f - 8 scrolls of identify {unknown}
 g - 3 scrolls of magic mapping {unknown}
 h - a scroll of random uselessness {unknown}
 k - a scroll of amnesia {unknown}
 m - 3 scrolls of fog {unknown}
 p - 2 scrolls of immolation {unknown}
 r - 3 scrolls of enchant armour {unknown}
 s - 2 scrolls of enchant weapon {unknown}
 u - a scroll of fear {unknown}
 v - 3 scrolls of remove curse {unknown}
Potions
 q - a potion of brilliance {unknown}
 t - a potion of haste {unknown}
 x - a potion of might {unknown}
Books
 o - a book of Misfortune
   (You found it on level 3 of the Dungeon)
 w - a book of Changes
   (You found it on level 5 of the Dungeon)
Comestibles
 e - 7 rations


   Skills:
 + Level 7.1 Fighting
 + Level 2.5 Short Blades
 + Level 5.3 Long Blades
 + Level 2.5 Axes
 + Level 2.5 Maces & Flails
 + Level 2.5 Polearms
 + Level 3.7 Staves
 + Level 2.5 Slings
 + Level 2.5 Bows
 + Level 2.5 Crossbows
 + Level 2.5 Throwing
 + Level 2.5 Armour
 + Level 3.7 Dodging
 + Level 3.5 Stealth
 + Level 3.7 Shields
 + Level 2.5 Unarmed Combat
 + Level 2.5 Spellcasting
 + Level 2.1 Conjurations
 + Level 2.1 Hexes
 + Level 2.1 Charms
 + Level 2.1 Summonings
 + Level 2.1 Necromancy
 + Level 2.1 Translocations
 + Level 2.1 Transmutations
 + Level 2.1 Fire Magic
 + Level 2.1 Ice Magic
 + Level 2.1 Air Magic
 + Level 2.1 Earth Magic
 + Level 2.1 Poison Magic
 + Level 2.8 Invocations
 + Level 3.7 Evocations


You had 11 spell levels left.
You didn't know any spells.

Dungeon Overview and Level Annotations

Branches:
Dungeon (5/15)             Temple (1/1) D:4

Altars:
Ashenzari
Cheibriados
Dithmenos
Elyvilon
Fedhas
Gozag
Kikubaaqudgha
Makhleb
Nemelex Xobeh
Okawaru
Qazlal
Ru
Sif Muna
Trog
Uskayaw
Vehumet
Wu Jian
Yredelemnul
Zin
The Shining One

Shops:
D:4 (

Annotations:
D:2 1 runed door


Innate Abilities, Weirdness & Mutations

Your experience applies equally to all skills.
You have very sharp teeth.
Your uncanny sense of smell can sniff out nearby items.


Message History

The adder hisses angrily.
The phantom blinks!
Found a glowing dagger.
The adder barely misses you.
You sock the adder!
You kill the adder!
Vehumet accepts your kill.
You see here an adder corpse.
You sock the phantom!
The phantom blinks!
The phantom hits you!
You see here a glowing dagger.
You closely miss the phantom. You bite the phantom, but do no damage.
The phantom blinks!
The phantom blinks!
You hit the phantom. The phantom hits you!
You closely miss the phantom. The phantom closely misses you.
You hit the phantom but do no damage. The phantom hits you.
The phantom blinks!
You see here a glowing dagger.
You closely miss the phantom. The phantom misses you.
You hit the phantom. Your bite misses the phantom.
The phantom blinks!
The phantom blinks!
A centaur comes into view.
Found a stone staircase leading down.
The centaur shouts!
The phantom hits you.
The centaur wields a shortbow.
The centaur shoots an arrow.
The arrow hits you!
You see here an arrow.
You barely miss the phantom. The phantom closely misses you.
The centaur shoots an arrow.
The arrow barely misses you.
You hit the phantom.
The centaur shoots an arrow.
The arrow barely misses you. The phantom hits you.
* * * LOW HITPOINT WARNING * * *
The centaur shoots an arrow.
The arrow closely misses you. The phantom barely misses you.
The centaur shoots an arrow.
The arrow hits you.
* * * LOW HITPOINT WARNING * * *
You see here an arrow.
The centaur shoots an arrow.
The arrow hits you!
* * * LOW HITPOINT WARNING * * *
You see here an arrow.
The centaur shoots an arrow.
The arrow hits you.
* * * LOW HITPOINT WARNING * * *
The centaur shoots an arrow.
The arrow barely misses you.
Things that are here:
an arrow; a glowing dagger The phantom blinks!
The centaur shoots an arrow.
The arrow closely misses you.
You see here an arrow.
The centaur shoots an arrow.
The arrow hits you!
You die...

### .c# ###.# ....
#c#######
...####.......####
.>.....((.((.(@..#
...##########.##.##
∆ #.##..# #.###.##
∆..# #..# ∆ ###
##.## ∆ #..# ##.##
#[.#


You could see a centaur.

Vanquished Creatures
  An ice beast (D:5)
  2 ogres
  2 scorpions (D:4)
  A crimson imp (D:5)
  A jelly (D:5)
  A hound (D:4)
  A worker ant (D:4)
  7 adders
  6 gnolls
  A howler monkey skeleton (D:4)
  2 oozes
  4 worms
  A dart slug (D:1)
  3 orcs (D:2)
  2 ball pythons
  4 giant cockroaches
  7 goblins
  5 hobgoblins
  7 jackals
  6 quokkas
  11 bats
  3 frilled lizards
  4 kobolds
  A kobold skeleton (D:2)
  2 leopard gecko skeletons
  A quokka skeleton (D:4)
  14 rats
100 creatures vanquished.

Notes
Turn   | Place    | Note
-------+----------+-------------------------------------------
     0 | D:1      | Ignatius881 the Gnoll Wanderer began the quest for the Orb.
     0 | D:1      | Ignatius881 set off with: a +2 quarterstaff, a +0 falchion, a scroll of teleportation {@r4}, a +0 robe, a ration
     0 | D:1      | Reached XP level 1. HP: 23/23 MP: 2/2
    89 | D:1      | Reached XP level 2. HP: 29/29 MP: 3/3
   566 | D:1      | Reached XP level 3. HP: 34/35 MP: 4/4
   625 | D:1      | Found a sparkling altar of Nemelex Xobeh.
  1055 | D:2      | Reached skill level 1 in Invocations
  1307 | D:2      | Noticed a human
  1308 | D:2      | Found a runed door.
  1310 | D:2      | Found a basalt altar of Yredelemnul.
  1315 | D:2      | Reached skill level 1 in Short Blades
  1315 | D:2      | Reached skill level 1 in Axes
  1315 | D:2      | Reached skill level 1 in Maces & Flails
  1315 | D:2      | Reached skill level 1 in Polearms
  1315 | D:2      | Reached skill level 1 in Slings
  1315 | D:2      | Reached skill level 1 in Bows
  1315 | D:2      | Reached skill level 1 in Crossbows
  1315 | D:2      | Reached skill level 1 in Throwing
  1315 | D:2      | Reached skill level 1 in Armour
  1315 | D:2      | Reached skill level 1 in Unarmed Combat
  1315 | D:2      | Reached skill level 1 in Spellcasting
  1315 | D:2      | Reached XP level 4. HP: 38/41 MP: 4/6
  2010 | D:2      | Reached skill level 1 in Conjurations
  2010 | D:2      | Reached skill level 1 in Hexes
  2010 | D:2      | Reached skill level 1 in Charms
  2010 | D:2      | Reached skill level 1 in Summonings
  2010 | D:2      | Reached skill level 1 in Necromancy
  2010 | D:2      | Reached skill level 1 in Translocations
  2010 | D:2      | Reached skill level 1 in Transmutations
  2010 | D:2      | Reached skill level 1 in Fire Magic
  2010 | D:2      | Reached skill level 1 in Ice Magic
  2010 | D:2      | Reached skill level 1 in Air Magic
  2010 | D:2      | Reached skill level 1 in Earth Magic
  2010 | D:2      | Reached skill level 1 in Poison Magic
  2420 | D:3      | Found a snail-covered altar of Cheibriados.
  2591 | D:3      | Reached XP level 5. HP: 36/47 MP: 7/7
  3384 | D:4      | Noticed an ogre
  3399 | D:4      | Killed an ogre
  3399 | D:4      | Reached XP level 6. HP: 41/53 MP: 8/8
  3513 | D:4      | Reached skill level 5 in Long Blades
  3682 | D:4      | Found a staircase to the Ecumenical Temple.
  3741 | Temple   | Entered the Ecumenical Temple
  3847 | Temple   | Became a worshipper of Vehumet
  3967 | D:4      | Found an iron altar of Okawaru.
  4341 | D:4      | Found Ulixik's Weapon Shop.
  4366 | D:4      | Reached XP level 7. HP: 40/59 MP: 10/10
  4761 | D:5      | Entered Level 5 of the Dungeon
  4774 | D:5      | Reached skill level 7 in Fighting
  5007 | D:5      | Found a sacrificial altar of Ru.
  5383 | D:5      | Shot with an arrow by a centaur

Skill      XL: |  1  2  3  4  5  6  7 |
---------------+----------------------+-----
Invocations    | 1 2 |  2.8
Short Blades   | 1 2 |  2.5
Axes           | 1 2 |  2.5
Maces & Flails | 1 2 |  2.5
Polearms       | 1 2 |  2.5
Slings         | 1 2 |  2.5
Bows           | 1 2 |  2.5
Crossbows      | 1 2 |  2.5
Throwing       | 1 2 |  2.5
Armour         | 1 2 |  2.5
Unarmed Combat | 1 2 |  2.5
Spellcasting   | 1 2 |  2.5
Conjurations   | 1 2 |  2.1
Hexes          | 1 2 |  2.1
Charms         | 1 2 |  2.1
Summonings     | 1 2 |  2.1
Necromancy     | 1 2 |  2.1
Translocations | 1 2 |  2.1
Transmutations | 1 2 |  2.1
Fire Magic     | 1 2 |  2.1
Ice Magic      | 1 2 |  2.1
Air Magic      | 1 2 |  2.1
Earth Magic    | 1 2 |  2.1
Poison Magic   | 1 2 |  2.1
Staves         | 3 |  3.7
Dodging        | 3 |  3.7
Shields        | 3 |  3.7
Evocations     | 3 |  3.7
Stealth        | 3 |  3.5
Long Blades    | 5 |  5.3
Fighting       | 7 |  7.1

Action                   |  1- 3 |  4- 6 |  7- 9 || total
-------------------------+-------+-------+-------++-------
Melee: Quarterstaff      |    78 |   154 |    40 ||   272
       Bite              |     4 |    18 |     3 ||    25
 Stab: Sleeping          |     9 |     5 |       ||    14
       Distracted        |       |     1 |       ||     1
  Eat: Chunk             |     1 |     7 |     1 ||     9
       Ration            |       |     1 |     1 ||     2
Armor: Robe              |    19 |    22 |     3 ||    44
Dodge: Dodged            |    58 |   105 |    30 ||   193
